 Dungeon Crawl Stone Soup version 0.25-a0-697-g890751e744 (webtiles) character file.

Game seed: 11986059536863532704, levelgen mode: deterministic

7 CryoSword the Vexing (level 1, -8/13 HPs)
             Began as a Vampire Enchanter on Apr 1, 2020.
             Mangled by a gnoll
             ... wielding a +0 flail
              (12 damage)
             ... on level 1 of the Dungeon.
             The game lasted 00:02:18 (192 turns).

CryoSword the Vexing (Vampire Enchanter)             Turns: 192, Time: 00:02:19

Health: -8/13      AC:  2    Str:  7    XL:     1   Next: 91%
Magic:  3/3        EV: 13    Int: 17    God:
Gold:   0          SH:  0    Dex: 14    Spells: 3/4 levels left

rFire    . . .     SeeInvis +   a - +1 dagger
rCold    . . .     Gourm    .   (no shield)
rNeg     . . .     Faith    .   b - +0 robe
rPois    .         Spirit   .   (no helmet)
rElec    .         Reflect  .   (no cloak)
rCorr    .         Harm     .   (no gloves)
MR       .....                  (no boots)
Stlth    +++.......             (no amulet)
HPRegen  0.24/turn              (no ring)
MPRegen  0.08/turn              (no ring)

@: regenerating quickly
A: no food, fangs 3, see invisible, unbreathing
a: Exsanguinate


You were on level 1 of the Dungeon.
You were alive.

You visited 1 branch of the dungeon, and saw 1 of its levels.

Inventory:

Hand Weapons
 a - a +1 dagger (weapon)
Armour
 b - a +0 robe (worn)


   Skills:
 + Level 1.3 Short Blades
 + Level 2.3 Dodging
 + Level 4.6 Stealth
 - Level 2.0 Spellcasting
 * Level 4.7 Hexes


You had 3 spell levels left.
You knew the following spells:

 Your Spells              Type           Power        Failure   Level  Hunger
a - Corona                Hex            ###....      2%          1    N/A

Your spell library contained the following spells:

 Spells                   Type           Power        Failure   Level  Hunger
 Confusing Touch          Hex            ###.....     9%          3    N/A
 Tukima's Dance           Hex            ###.....     9%          3    N/A
 Ensorcelled Hibernation  Hex/Ice        #.....       11%         2    N/A
 Dazzling Flash           Conj/Hex       #.....       22%         3    N/A

Dungeon Overview and Level Annotations

Branches:
Dungeon (1/15)

Altars:


Innate Abilities, Weirdness & Mutations

You do not eat.
Your natural rate of healing is unusually fast.
You have razor-sharp teeth.
You have supernaturally acute eyesight. (SInv)
You can survive without breathing.


Message History

The jackal bites you.
There is an open gate here.
The bat misses you. The jackal closely misses you.
The jackal bites you but does no damage.
The bat barely misses you. The jackal bites you.
* * * LOW HITPOINT WARNING * * *
The bat misses you. The jackal bites you.
* * * LOW HITPOINT WARNING * * *
The bat completely misses you. The jackal misses you.
The bat barely misses you. x2
The leopard gecko bites you but does no damage.
The jackal barks!
The bat closely misses you. The bat barely misses you.
The bat closely misses you. The bat closely misses you.
The bat barely misses you.
The leopard gecko bites you but does no damage.
The bat barely misses you. The bat misses you.
The bat hits you but does no damage. The bat closely misses you.
The bat hits you but does no damage. The jackal barely misses you.
The frilled lizard unfolds its giant frill.
The bat hits you.
* * * LOW HITPOINT WARNING * * *
The bat closely misses you. The bat hits you.
* * * LOW HITPOINT WARNING * * *
The bat hits you but does no damage.
Found a leather armour.
The bat hits you but does no damage. x2
The bat closely misses you.
You see here a chain mail.
The bat barely misses you.
You hit the bat. The bat hits you but does no damage.
The bat barely misses you.
You barely miss the bat. The bat completely misses you.
You closely miss the bat. The bat completely misses you.
The bat closely misses you.
You barely miss the bat. Your bite misses the bat. The bat closely misses you.
You hit the bat.
You kill the bat!
You hit the jackal. The jackal closely misses you. The jackal bites you.
* * * LOW HITPOINT WARNING * * *
You barely miss the jackal.
The ooze quivers.
You bite the jackal. The jackal misses you.
You hit the jackal but do no damage.
The jackal bites you but does no damage.
The jackal bites you.
* * * LOW HITPOINT WARNING * * *
You hit the jackal. The jackal misses you. The jackal barely misses you.
Found 19 stones and a spear.
There is a fountain of clear blue water here.
You hit the jackal. Your bite misses the jackal.
The jackal bites you but does no damage. x2
You hit the jackal but do no damage. The jackal bites you.
* * * LOW HITPOINT WARNING * * *
You closely miss the jackal. The jackal misses you.
You hit the jackal.
You kill the jackal!
Aim: a jackal (chance to defeat MR: 71%)
The jackal is outlined in light.
The jackal closely misses you. The jackal bites you.
* * * LOW HITPOINT WARNING * * *
You hit the jackal. Your bite misses the jackal. The jackal closely misses you.
You hit the jackal but do no damage. The jackal closely misses you.
You hit the jackal. The jackal misses you.
You hit the jackal but do no damage. The jackal bites you.
* * * LOW HITPOINT WARNING * * *
The jackal closely misses you. The jackal closely misses you.
You hit the jackal but do no damage. The jackal barely misses you.
You hit the jackal but do no damage.
The jackal stops glowing.
The jackal closely misses you. The jackal closely misses you.
Found a scroll labeled SONIVU BASO.
There is a fountain of clear blue water here.
The jackal bites you.
* * * LOW HITPOINT WARNING * * *
The leopard gecko hisses menacingly.
The leopard gecko hisses menacingly.
There is a fountain of clear blue water here.
The jackal closely misses you.
You hit the jackal but do no damage. You bite the jackal.
You kill the jackal!
You hit the frilled lizard.
You kill the frilled lizard!
Aim: a jackal (chance to defeat MR: 71%)
The jackal is outlined in light.
The jackal bites you.
* * * LOW HITPOINT WARNING * * *
You barely miss the jackal. You bite the jackal. The jackal barely misses you.
The jackal closely misses you.
You hit the jackal but do no damage.
The jackal bites you but does no damage.
The jackal misses you.
You hit the jackal but do no damage. The jackal bites you.
* * * LOW HITPOINT WARNING * * *
The jackal closely misses you.
The jackal stops glowing.
The jackal bites you but does no damage.
The jackal bites you.
* * * LOW HITPOINT WARNING * * *
The jackal bites you.
* * * LOW HITPOINT WARNING * * *
The jackal bites you.
* * * LOW HITPOINT WARNING * * *
Aim: a jackal (lightly wounded, chance to defeat MR: 71%)
The jackal barely resists.
The jackal barely misses you. The jackal bites you.
* * * LOW HITPOINT WARNING * * *
You hit the jackal. The jackal completely misses you.
You closely miss the jackal.
The jackal bites you but does no damage.
The jackal completely misses you. The jackal closely misses you.
The jackal bites you.
* * * LOW HITPOINT WARNING * * *
Aim: a jackal (heavily wounded, chance to defeat MR: 71%)
The jackal is outlined in light.
The jackal barely misses you.
You hit the jackal but do no damage. You bite the jackal.
The jackal bites you but does no damage.
The jackal bites you.
* * * LOW HITPOINT WARNING * * *
You hit the jackal but do no damage. The jackal closely misses you.
The jackal stops glowing.
The jackal closely misses you. The jackal barely misses you.
The jackal misses you. The jackal bites you.
* * * LOW HITPOINT WARNING * * *
The jackal closely misses you. The jackal barely misses you.
Aim: a jackal (almost dead, chance to defeat MR: 71%)
The jackal is outlined in light.
The jackal closely misses you.
You hit the jackal but do no damage. The jackal barely misses you.
The jackal bites you.
* * * LOW HITPOINT WARNING * * *
You hit the jackal but do no damage. The jackal misses you.
You hit the jackal.
You kill the jackal!
A bat comes into view.
The leopard gecko misses you.
The bat moves out of view.
A hobgoblin comes into view. It is wielding a +0 club.
The hobgoblin shouts!
Found 12 stones.
The leopard gecko bites you.
* * * LOW HITPOINT WARNING * * *
The leopard gecko barely misses you. The gnoll hits you with a +0 flail!
Ouch! That really hurt!
You die...

#### #..# #..#
#..#############
#########.....gl.......#
#.....†.....gg.@.(######
#.#######.#####.### #.#
#... ...# #.# #.#####..#
#g# ... #... ##.# g#.
..... ..g# #. .# ......
###....g.. ## .....##
.##.##


You could see a gnoll, a leopard gecko, a hobgoblin and a goblin.

Vanquished Creatures
  A bat (D:1)
  4 jackals (D:1)
  A frilled lizard (D:1)
6 creatures vanquished.

Notes
Turn   | Place    | Note
-------+----------+-------------------------------------------
     0 | D:1      | CryoSword the Vampire Enchanter began the quest for the
                  | Orb.
     0 | D:1      | Reached XP level 1. HP: 13/13 MP: 3/3
   192 | D:1      | Mangled by a gnoll

Levels and vault maps discovered:
D:1:      wander_arrival_estate, layout_loops_ring, st_stairs_4,
          minmay_misc_feat_rugged, roderic_three_in_a_row

Action                   || total
-------------------------++-------
Melee: Dagger            ||    40
       Bite              ||     5
 Cast: Corona            ||     7
Armor: Robe              ||    24
Dodge: Dodged            ||    82

Table legend:
 A = Non-vault XP
 B = Vault XP
 C = Vault XP percentage of total XP
 D = Non-vault monster count
 E = Vault monster count
 F = Vault count percentage of total count
                 A         B        C        D         E       F
            +---------+---------+-------+---------+---------+-------
      Total |      11 |       0 |   0.0 |       6 |       0 |   0.0
            +---------+---------+-------+---------+---------+-------
        D:1 |      11 |       0 |   0.0 |       6 |       0 |   0.0
            +---------+---------+-------+---------+---------+-------
